 Dungeon Crawl Stone Soup version 0.16-a0-328-gfd822c7 (webtiles) character file.

133 Ratboiler the Insei (level 5, 0/33 HPs)
             Began as an Octopode Transmuter on Sept 6, 2014.
             Killed from afar by an orc wizard (7 damage)
             ... with a puff of flame
             ... on Level 2 of the Dungeon.
             The game lasted 00:06:33 (2789 turns).

Ratboiler the Insei (Octopode Transmuter)           Turns: 2789, Time: 00:06:34

HP   0/33        AC  1     Str 10      XL: 5   Next: 16%
MP   1/9         EV 12     Int 15      God:
Gold 127         SH  0     Dex 13      Spells:  3 memorised,  2 levels left

rFire  . . .     SeeInvis .       - Unarmed
rCold  . . .     Clarity  +     (no shield)
rNeg   . . .     rCorr    .     (helmet restricted)
rPois  .         rRot     .     r - amulet of clarity
rElec  .         Spirit   .     (no ring)
SustAb .         Warding  .     (no ring)
rMut   .         Stasis   .     (no ring)
Gourm  .                        (no ring)
MR     .....                    (no ring)
                                (no ring)
                                (no ring)
                                (no ring)

@: appendage (expiring), very slightly contaminated, not resistant to hostile
enchantments, unstealthy
A: almost no armour, amphibious, 8 rings, constrict 8, tentacle spike 3,
camouflage 1, gelatinous body 1
a: End Transformation


You were on level 2 of the Dungeon.
You were not hungry.
One of your tentacles had a temporary spike.
You visited 1 branch of the dungeon, and saw 3 of its levels.

You collected 127 gold pieces.

Inventory:

Missiles
 b - 12 arrows
 t - 15 stones (quivered)
Magical devices
 g - a wand of teleportation (4)
Comestibles
 a - a bread ration
 m - a slice of pizza
 o - a meat ration
 q - a beef jerky
Scrolls
 e - a scroll of enchant weapon {unknown}
 h - a scroll of identify {unknown}
 i - 2 scrolls of teleportation {unknown}
 j - a scroll of blinking {unknown}
 p - a scroll of remove curse {unknown}
 s - a scroll of noise {unknown}
Jewellery
 r - an amulet of clarity (around mantle)
Potions
 c - a potion of beneficial mutation {unknown}
 f - a potion of degeneration {unknown}
 k - a potion of heal wounds
 n - a potion of restore abilities {unknown}
 u - a potion of flight {unknown}
Books
 d - a book of Changes

   Spells                             Type                      Level
   *Beastly Appendage                 Transmutation                1
   *Sticks to Snakes                  Transmutation                2
   *Spider Form                       Transmutation/Poison         3
   Ice Form                           Ice/Transmutation            4
   Blade Hands                        Transmutation                5


   Skills:
 - Level 1.0 Fighting
 - Level 2.0 Dodging
 + Level 5.7 Unarmed Combat
 - Level 2.0 Spellcasting
 - Level 2.0 Transmutations


You had 2 spell levels left.
You knew the following spells:

 Your Spells              Type           Power        Failure   Level  Hunger
a - Beastly Appendage     Trmt           #.....       12%         1    #......
b - Sticks to Snakes      Trmt           #.........   14%         2    ###....
c - Spider Form           Trmt/Pois      #.........   43%         3    ####...


Dungeon Overview and Level Annotations

Branches:
Dungeon (3/15)

Altars:
Nemelex Xobeh
Qazlal


Innate Abilities, Weirdness & Mutations

You cannot wear most types of armour.
You are amphibious.
You can wear up to eight rings at the same time.
You can use your tentacles to constrict many enemies at once.
Your skin changes colour to match your surroundings (Stealth).
Your rubbery body absorbs attacks (AC +1).
One of your tentacles bears a large vicious spike.


Message History

Your transformation is almost over.
You hear some strange, mumbled words.
The magic dart hits you!
* * * LOW HITPOINT WARNING * * *
You tentacle-slap something. x2
Something hits you but does no damage.
You closely miss something. Your squeeze misses something. Something hits you.
* * * LOW HITPOINT WARNING * * *
You tentacle-slap something. Something hits you.
* * * LOW HITPOINT WARNING * * *
You miss something.
You pierce something.
Something hits you.
* * * LOW HITPOINT WARNING * * *
You tentacle-slap something.
Your tentacle spike misses something.
Something hits you but does no damage.
You tentacle-slap something but do no damage.
Your tentacle spike misses something.
You hear some strange, mumbled words.
A puff of flame appears from out of thin air!
The puff of flame hits you!
You die...

#.###### ######### #.# ###
........#### #.####..
#.......##.###############.##....
#.......##.................##....
#.......##.#####.....#......#....
#.......##.# #.###.#......#....
#.########.# #.# #.#......#....
#)########.#####@###.####..####'#
.)#.....#...>%............[......
..#.###.##.#.....................
#.#.# #.##.......#.........####.#
#.#.###....#######.######.## #[.
#.#.#.......# #.# #.#######
#.#.####....# #.# #%#....#
.......+....# ##+######)#....#
.#######%%..#####.........#....##


There were no monsters in sight!

Vanquished Creatures
  Terence (D:2)
  2 adders (D:2)
  A gnoll (D:1)
  3 worms (D:2)
  A giant gecko (D:1)
  2 orcs
  6 bats
  A giant cockroach (D:1)
  7 hobgoblins (D:1)
  13 jackals
  A quokka (D:2)
  A ball python (D:1)
  3 giant newts
  8 goblins
  4 kobolds
  15 rats
69 creatures vanquished.

Notes
Turn   | Place    | Note
--------------------------------------------------------------
     0 | D:1      | Ratboiler, the Octopode Transmuter, began the quest for the Orb.
     0 | D:1      | Reached XP level 1. HP: 13/13 MP: 3/3
   156 | D:1      | Reached XP level 2. HP: 12/18 MP: 2/4
   160 | D:1      | Learned a level 2 spell: Sticks to Snakes
   359 | D:1      | Reached skill level 4 in Unarmed Combat
   543 | D:1      | Reached XP level 3. HP: 19/23 MP: 4/6
   551 | D:1      | Learned a level 3 spell: Spider Form
  1185 | D:2      | Noticed Terence
  1204 | D:2      | Killed Terence
  1204 | D:2      | Reached XP level 4. HP: 14/28 MP: 4/7
  1442 | D:2      | Reached skill level 5 in Unarmed Combat
  1833 | D:2      | Found a sparkling altar of Nemelex Xobeh.
  1833 | D:2      | Found a stormy altar of Qazlal.
  2118 | D:2      | Reached XP level 5. HP: 22/33 MP: 9/9
  2789 | D:2      | Killed from afar by an orc wizard

Action                   |  1- 3 |  4- 6 || total
-------------------------+-------+-------++-------
Melee: Unarmed           |    77 |    76 ||   153
 Cast: Beastly Appendage |     9 |     3 ||    12
       Spider Form       |     1 |     5 ||     6
  Use: Potion            |       |     1 ||     1
 Stab: Sleeping          |     2 |       ||     2
       Distracted        |     1 |       ||     1
  Eat: Chunk             |     1 |     6 ||     7
